 Dungeon Crawl Stone Soup version 0.21-a0-201-g8501b10 (webtiles) character file.

286 Azzok the Firebug (level 6, -6/38 HPs)
             Began as a Gargoyle Fire Elementalist on Aug 17, 2017.
             Mangled by Ijustatesigmund's ghost (10 damage)
             ... on level 4 of the Dungeon.
             The game lasted 00:08:07 (4313 turns).

Azzok the Firebug (Gargoyle Fire Elementalist)      Turns: 4313, Time: 00:08:08

Health: -6/38      AC:  6    Str: 12    XL:     6   Next: 30%
Magic:  0/9        EV: 12    Int: 17    God:
Gold:   176        SH:  0    Dex: 10    Spells: 5/9 levels left

rFire    + . .     SeeInvis .   (no weapon)
rCold    . . .     Gourm    .   (no shield)
rNeg     + . .     Faith    .   a - +0 robe
rPois    ∞         Spirit   .   (no helmet)
rElec    +         Reflect  .   (no cloak)
rCorr    .         Harm     .   (no gloves)
MR       .....                  (no boots)
Stlth    ++........             (no amulet)
HPRegen  0.12/turn              y - ring of protection from fire
MPRegen  0.11/turn              (no ring)

@: no status effects
A: negative energy resistance 1, electricity resistance, unbreathing,
petrification resistance, rot immunity, AC +4
a: no special abilities


You were on level 4 of the Dungeon.
You were very hungry.

You visited 1 branch of the dungeon, and saw 4 of its levels.

You collected 176 gold pieces.

Inventory:

Armour
 a - a +0 robe (worn)
 e - a +0 plate armour
 s - a +0 buckler
 z - a +0 buckler
Jewellery
 y - a ring of protection from fire (left hand)
Scrolls
 d - 6 scrolls of identify {unknown}
 h - 2 scrolls of magic mapping {unknown}
 i - a scroll of immolation {unknown}
 j - a scroll of blinking {unknown}
 n - a scroll of remove curse {unknown}
 o - 3 scrolls of teleportation {unknown}
 p - 2 scrolls of fog {unknown}
 q - a scroll of enchant armour {unknown}
 t - a scroll of enchant weapon {unknown}
Potions
 g - 2 potions of flight {unknown}
 k - a potion of cancellation {unknown}
 l - 2 potions of degeneration {unknown}
 m - a potion of berserk rage {unknown}
 r - a potion of brilliance {unknown}
 u - 2 potions of lignification {unknown}
 v - a potion of haste {unknown}
 w - a potion of invisibility {unknown}
 x - a potion of mutation {unknown}
Books
 b - a book of Flames

   Spells                             Type                      Level
   a - Flame Tongue                   Conjuration/Fire             1
   b - Throw Flame                    Conjuration/Fire             2
   c - Conjure Flame                  Conjuration/Fire             3
   d - Inner Flame                    Hexes/Fire                   3
   e - Sticky Flame                   Conjuration/Fire             4
   f - Fireball                       Conjuration/Fire             5
Comestibles
 c - 3 bread rations
 f - 2 royal jellies


   Skills:
 + Level 3.7 Fighting
 - Level 1.5 Dodging
 - Level 2.1 Stealth
 - Level 2.0 Spellcasting
 + Level 3.8 Conjurations
 + Level 4.6 Fire Magic


You had 5 spell levels left.
You knew the following spells:

 Your Spells              Type           Power        Failure   Level  Hunger
a - Flame Tongue          Conj/Fire      ###..        3%          1    #......
b - Conjure Flame         Conj/Fire      ###.....     11%         3    ###....


Dungeon Overview and Level Annotations

Branches:
Dungeon (4/15)
 Temple: D:4-7

Altars:
Gozag
Trog

Annotations:
D:4 Ijustatesigmund's ghost, amateur FoAM


Innate Abilities, Weirdness & Mutations

You are resistant to torment.
Your stone body is resilient. (AC +4)
You are immune to poison.
You resist negative energy. (rN+)
You are resistant to electric shocks. (rElec)
You can survive without breathing.
You are immune to petrification.
You are immune to rotting.


Message History

You barely miss Ijustatesigmund's ghost.
Ijustatesigmund's ghost is lightly damaged.
Ijustatesigmund's ghost closely misses you.
You hit Ijustatesigmund's ghost but do no damage.
Ijustatesigmund's ghost is lightly damaged.
Ijustatesigmund's ghost hits you but does no damage.
You barely miss Ijustatesigmund's ghost.
Ijustatesigmund's ghost is lightly damaged.
Ijustatesigmund's ghost misses you.
You hit Ijustatesigmund's ghost but do no damage.
Ijustatesigmund's ghost is lightly damaged.
Ijustatesigmund's ghost hits you!
You hit Ijustatesigmund's ghost but do no damage.
Ijustatesigmund's ghost is lightly damaged.
Ijustatesigmund's ghost hits you!
* * * LOW HITPOINT WARNING * * *
You hit Ijustatesigmund's ghost but do no damage.
Ijustatesigmund's ghost is lightly damaged.
Ijustatesigmund's ghost hits you!
You die...

▒▒▒▒▒▒▒▒▒▒▒▒ ▒
▒····▒·····▒ ▒
▒·▒▒·▒·▒▒▒·▒ ▒
▒·▒··▒)▒ ▒·▒▒▒
▒·▒····▒ ▒····
▒·▒·····▒▒▒▒▒·
··▒▒▒▒▒ ▒·▒·····▒ ▒·
▒······▒▒▒▒▒·▒·····▒
▒·
╬······W@····▒▒▒···▒
▒· ▒······▒▒▒▒▒▒▒
▒···▒ ▒· ▒······
▒···▒ ▒▒ ▒······
▒···▒ ▒ ▒····W·
▒···▒ ▒ ·····$·
▒···▒▒ ▒▒ ·······
▒····▒ ▒· ·······
▒····▒ ▒· ▒▒▒▒▒o▒·▒
▒·


You could see Ijustatesigmund's ghost.

Vanquished Creatures
  A water moccasin skeleton (D:4)
  2 worker ants (D:4)
  3 gnolls
  6 adders
  An ooze (D:1)
  2 worms
  A dart slug (D:1)
  7 leopard geckos
  An orc (D:4)
  4 bats
  3 giant cockroaches
  13 goblins
  8 hobgoblins
  3 jackals (D:4)
  2 quokkas
  A ball python (D:2)
  7 frilled lizards
  7 kobolds
  18 rats
90 creatures vanquished.

Notes
Turn   | Place    | Note
-------+----------+-------------------------------------------
     0 | D:1      | Azzok the Gargoyle Fire Elementalist began the quest for the Orb.
     0 | D:1      | Reached XP level 1. HP: 10/10 MP: 3/3
   199 | D:1      | Reached XP level 2. HP: 16/16 MP: 3/5
   277 | D:1      | Reached skill level 1 in Fighting
   869 | D:1      | Reached XP level 3. HP: 20/20 MP: 4/6
  1314 | D:2      | Learned a level 3 spell: Conjure Flame
  1629 | D:1      | Reached XP level 4. HP: 26/26 MP: 0/7
  2265 | D:2      | Found an opulent altar of Gozag.
  2613 | D:2      | Found a bloodstained altar of Trog.
  2616 | D:2      | Reached skill level 4 in Fire Magic
  2616 | D:2      | Reached XP level 5. HP: 30/31 MP: 5/8
  4144 | D:4      | Reached XP level 6. HP: 36/37 MP: 2/9
  4288 | D:4      | Noticed Ijustatesigmund's ghost (amateur FoAM)
  4313 | D:4      | Mangled by Ijustatesigmund's ghost

Vault maps used:
D:1:      erik_arrival_orb_chamber
D:2:      lemuel_doored_altar, grunt_decor_arrowhead, trog_hazing_becter
D:3:      minmay_stone_trees_small
D:4:      minmay_joined_circles

Skill      XL: |  1  2  3  4  5 |
---------------+----------------+-----
Fighting       | 1 2 3 |  3.7
Conjurations   | 2 3 |  3.8
Fire Magic     | 4 |  4.6
Dodging        | |  1.5
Stealth        | |  2.1
Spellcasting   | |  2.0

Action                   |  1- 3 |  4- 6 || total
-------------------------+-------+-------++-------
Melee: Unarmed           |     4 |    67 ||    71
 Cast: Flame Tongue      |    73 |   135 ||   208
  Eat: Chunk             |     3 |    10 ||    13
Armor: Robe              |     7 |    52 ||    59
Dodge: Dodged            |    17 |   104 ||   121
